Map: Frostline LE

Players

LiquidClem (Clem) - Winner!

  • Race: Protoss Protoss
  • League: Grandmaster
  • Spawn Location: 7:00

gumiho

  • Race: Terran Terran
  • Spawn Location: 1:00

Event: HomeStory Cup XXVI

VOD

Have the link to the VOD?

Description

Time

  • Played on: Dec. 1, 2024, 6:24 p.m.
  • Length: 9:47

All games in this series

Show
View Real Time Build Order
Export as new Build Order

LiquidClem Protoss - Winner!

Build Orders: 1 Gate Expand, Blink Stalkers 

Get SALT Encoding   

  12  0:00  Probe  
  13  0:12  Probe  
  14  0:17  Pylon  
  14  0:23  Probe  
  15  0:31  Probe  
  16  0:36  Gateway  
  16  0:39  Probe  
  16  0:45  Assimilator  
  17  0:50  Probe  
  18  1:03  Probe  
  19  1:15  Probe  
  20  1:22  Cybernetics Core  
  20  1:30  Nexus  
  20  1:35  Probe  
  20  1:39  Pylon  
  21  1:47  Probe  
  21  1:51  Assimilator, Adept  
  22  1:59  Probe  
  22  2:00  Warp Gate  
  25  2:11  Probe  
  26  2:18  Adept  
  28  2:23  Probe  
  28  2:28  Twilight Council  
  29  2:35  Probe  
  30  2:38  Probe  
  30  2:42  Blink  
  31  2:45  Stalker  
  31  2:46  Probe  
  31  2:47  Probe  
  35  2:56  Probe  
  35  2:59  Probe  
  35  3:05  Gateway  
  36  3:08  Probe  
  36  3:12  Probe  
  38  3:20  Probe  
  38  3:24  Probe  
  38  3:25  Robotics Facility  
  40  3:30  Pylon  
  40  3:32  Probe  
  41  3:36  Probe  
  41  3:38  Gateway  
  42  3:44  Probe  
  42  3:48  Stalker, Probe  
  46  3:56  Probe  
  46  4:00  Stalker  
  46  4:01  Probe  
  46  4:02  Pylon  
  50  4:11  Nexus  
  50  4:12  Observer  
  50  4:16  Stalker  
  51  4:23  Probe x2  
  53  4:27  Stalker  
  53  4:30  Assimilator  
  55  4:32  Observer  
  55  4:35  Probe x2  
  55  4:37  Stalker  
  59  4:46  Pylon  
  59  4:47  Probe x2  
  59  4:49  Charge  
  59  4:51  Pylon  
  61  4:59  Forge, Probe  
  63  5:08  Gateway, Pylon  
  63  5:10  Gateway  
  63  5:13  Stalker  
  64  5:14  Stalker  
  64  5:18  Stalker  
  68  5:28  Protoss Ground Weapons Level 1  
  67  5:29  Pylon  
  65  5:37  Stalker x2  
  65  5:38  Shield Battery  
  65  5:41  Probe x3  
  65  5:42  Stalker  
  72  5:46  Observer  
  73  5:50  Probe  
  73  5:53  Probe x2  
  76  5:59  Probe  
  76  6:03  Gateway  
  77  6:05  Gateway, Probe x2  
  77  6:08  Probe  
  77  6:09  Sentry  
  82  6:12  Pylon  
  82  6:16  Observer  
  82  6:17  Probe x2  
  85  6:20  Probe  
  85  6:22  Gateway x2, Observer  
  86  6:29  Warp Prism  
  86  6:30  Gateway  
  86  6:31  Zealot x2, Pylon  
  92  6:48  Pylon  
  92  6:51  Nexus  
  91  6:57  Zealot x4  
  91  7:01  Pylon  
  99  7:04  Zealot x3  
  99  7:07  Assimilator  
  105  7:08  Robotics Bay  
  105  7:15  Probe  
  105  7:16  Probe  
  105  7:17  Zealot x2  
  105  7:20  Protoss Ground Weapons Level 2  
  111  7:23  Shield Battery  
  111  7:25  Shield Battery  
  111  7:29  Shield Battery  
  111  7:38  Colossus  
  111  7:39  Zealot x6  
  122  7:46  Pylon  
  122  7:51  Probe x3  
  124  7:57  Pylon  
  131  8:01  Zealot x3  
  131  8:02  Zealot  
  131  8:03  Zealot  
  141  8:07  Probe  
  141  8:10  Probe x2  
  144  8:14  Probe  
  133  8:28  Colossus  
  133  8:29  Zealot x9  
  137  8:49  Observer  
  137  8:50  Zealot x5  
  137  8:51  Zealot  
  143  8:56  Probe x3  
  143  9:01  Probe, Dark Shrine  
  147  9:11  Zealot x4  
  147  9:12  Zealot x3  
  147  9:16  Zealot x2  
  165  9:21  Pylon  
  149  9:36  Zealot x7  
  149  9:37  Zealot  
Show
View Real Time Build Order
Export as new Build Order

gumiho Terran 

Build Orders: Gas First Reaper Expand 

Get SALT Encoding   

  12  0:00  SCV  
  13  0:12  SCV  
  14  0:17  Supply Depot  
  14  0:24  SCV  
  14  0:27  Refinery  
  15  0:38  SCV  
  16  0:43  Barracks  
  16  0:50  SCV  
  17  1:02  SCV  
  18  1:14  SCV  
  19  1:30  Orbital Command, Reaper  
  20  1:35  Supply Depot  
  20  1:50  Command Center  
  20  1:55  SCV  
  21  2:02  Factory  
  21  2:05  Barracks Reactor  
  21  2:08  SCV  
  22  2:14  Refinery  
  22  2:20  SCV  
  23  2:32  SCV  
  24  2:42  Marine x2  
  27  2:44  SCV  
  27  2:46  Factory Tech Lab  
  27  2:48  Starport  
  27  2:56  SCV  
  28  3:00  Marine x2  
  28  3:04  Cyclone  
  33  3:08  Orbital Command, SCV  
  34  3:18  Marine x2  
  36  3:20  SCV  
  36  3:22  Supply Depot  
  37  3:27  Medivac  
  37  3:30  Orbital Command  
  37  3:33  SCV  
  40  3:38  Marine x2  
  42  3:45  Siege Tank  
  45  3:49  SCV  
  46  3:56  SCV, Marine x2  
  46  3:57  Supply Depot  
  46  4:01  SCV  
  50  4:07  Viking  
  50  4:08  SCV  
  53  4:13  SCV  
  54  4:19  Marine x2  
  54  4:20  Supply Depot, SCV  
  54  4:22  Siege Tank  
  60  4:25  SCV  
  60  4:32  SCV  
  60  4:37  Marine, Barracks  
  60  4:38  Refinery  
  62  4:39  SCV  
  62  4:42  Marine, Viking  
  65  4:50  SCV  
  65  4:51  SCV  
  65  4:52  Supply Depot  
  67  4:54  Marine  
  68  5:05  Supply Depot, Marine  
  68  5:06  Barracks  
  69  5:13  SCV x2, Marine, Siege Tank  
  75  5:22  Marine  
  71  5:30  SCV x2  
  71  5:31  Marine  
  70  5:36  Barracks Tech Lab  
  70  5:39  Engineering Bay  
  70  5:40  Marine  
  70  5:42  SCV x2  
  72  5:48  Supply Depot  
  72  5:49  Marine  
  76  5:54  SCV x2  
  76  5:55  Starport Reactor  
  76  5:56  Stimpack  
  75  6:02  Supply Depot  
  75  6:03  Supply Depot  
  75  6:06  Combat Shield, SCV  
  75  6:08  Factory Reactor  
  75  6:09  Terran Infantry Weapons Level 1  
  78  6:11  Marine, Marauder x2  
  78  6:13  Marine  
  78  6:15  SCV  
  82  6:25  Missile Turret  
  82  6:35  Command Center, Marauder  
  82  6:36  Marauder  
  82  6:37  Medivac  
  82  6:39  Medivac  
  90  6:45  Supply Depot  
  90  6:47  Marine x2  
  90  6:50  Widow Mine  
  90  6:51  Widow Mine  
  96  6:56  Barracks  
  96  6:57  Barracks  
  96  7:02  Missile Turret  
  96  7:03  Supply Depot, Marauder  
  96  7:07  Marauder  
  100  7:09  Medivac  
  102  7:17  Widow Mine x2  
  102  7:18  Medivac  
  102  7:21  SCV, Refinery  
  102  7:22  SCV  
  110  7:23  Marine x2  
  110  7:25  Concussive Shells  
  112  7:32  Marauder x2  
  112  7:34  SCV  
  116  7:45  Marine x2  
  116  7:50  Widow Mine x2  
  122  7:53  SCV x2, Marauder x2  
  122  7:56  Supply Depot, Medivac  
  122  7:58  Barracks Tech Lab, Barracks Reactor  
  130  8:07  Orbital Command  
  130  8:12  SCV x2, Marine  
  133  8:15  Marauder x2  
  133  8:19  Marauder  
  125  8:27  SCV x2  
  125  8:30  Widow Mine  
  124  8:36  Marauder  
  124  8:37  Marauder  
  124  8:41  Marauder  
  122  8:48  Widow Mine  
  114  8:49  Marine  
  114  8:51  Marine  
  114  8:56  SCV  
  114  8:57  Marauder  
  114  8:59  Marine, Marauder  
  114  9:01  Marine  
  121  9:06  Marauder  
  123  9:10  Medivac x2  
  123  9:14  Marine  
  128  9:18  Marine  
  128  9:19  Marauder  
  128  9:20  Marauder  
Tags
 
Add a new tag
Caveats
  • Supply blocks, unpowered buildings, or Contaminate may cause inaccurate times.
  • Supply counts are checked every 10 seconds.